[Event "Titled Tuesday Blitz April 11 Early 2023"]
[White "Torres Hernandez, Leslie Carolin"]
[Black "Jaivardhan Raj"]
[WhiteFideId "8400504"]
[BlackFideId "25744437"]
[WhiteElo "1920"]
[BlackElo "1772"]
[Result "0-1"]
[Round "08"]
[TimeControl "180+2"]
[Date "2023.04.11"]
[WhiteClock "0:00:03"]
[BlackClock "0:00:42"]

1. e4 c5 2. Nf3 e6 3. d4 cxd4 4. Nxd4 Nc6 5. c4 Nf6 6. Nc3 Bb4 7. Qd3 Ne5 8. Qg3 Ng6 9. Be2 Nxe4 10. Qd3 Qa5 11. Qxe4 Bxc3+ 12. Kf1 Bxd4 13. Qxd4 O-O 14. h4 e5 15. Qd6 Qb6 16. Qxb6 axb6 17. Be3 d6 18. Bxb6 Be6 19. b3 d5 20. cxd5 Bxd5 21. f3 Nf4 22. Bb5 Bxb3 23. Bc7 f6 24. g3 Nd5 25. Bd6 Rfd8 26. Bc5 Bxa2 27. Kg2 Nc3 28. Rxa2 Rxa2+ 0-1


[Site "https://www.chess.com"]

[Event "Titled Tuesday Blitz April 11 Early 2023"]
[White "Nugumanov, Bakhtiyar"]
[Black "Winkels, Marcel"]
[WhiteFideId "13701797"]
[BlackFideId "1003887"]
[WhiteElo "2209"]
[BlackElo "1900"]
[Result "1-0"]
[Round "08"]
[TimeControl "180+2"]
[Date "2023.04.11"]
[WhiteClock "0:02:17"]
[BlackClock "0:00:57"]

1. Nf3 Nf6 2. c4 g6 3. g3 Bg7 4. Bg2 O-O 5. O-O d5 6. cxd5 Nxd5 7. Nc3 Nb6 8. d4 Nc6 9. d5 Na5 10. e4 c6 11. Bf4 cxd5 12. Nxd5 Nxd5 13. exd5 Bxb2 14. Rb1 Bg7 15. Rc1 Bf5 16. Bc7 Qd7 17. Bxa5 b6 18. Bc3 Rfd8 19. Bxg7 Kxg7 20. Nd4 Bg4 21. Qb3 Rac8 22. Nc6 Re8 23. Ne5 Qf5 24. Nxg4 Qxg4 25. Qb2+ f6 26. h3 Qd7 27. Rfe1 Qd6 28. Bf3 h5 29. h4 Kh6 30. Re6 Qd7 31. Qd2+ Kg7 32. Rce1 Rc7 33. d6 Rcc8 34. Rxe7+ 1-0


[Site "https://www.chess.com"]

[Event "Titled Tuesday Blitz April 11 Early 2023"]
[White "NtcPou"]
[Black "Larina, Maria"]
[BlackFideId "24113182"]
[WhiteElo "1976"]
[BlackElo "1848"]
[Result "1-0"]
[Round "08"]
[TimeControl "180+2"]
[Date "2023.04.11"]
[WhiteClock "0:00:11"]
[BlackClock "0:00:17"]

1. e4 c6 2. d4 d5 3. e5 Bf5 4. Nd2 e6 5. Nb3 a5 6. a4 h6 7. Nf3 g5 8. Be2 Nd7 9. O-O Ne7 10. Bd2 b6 11. Rc1 Be4 12. Ne1 Bg6 13. f4 gxf4 14. Bxf4 Nf5 15. Nf3 Be7 16. Bd3 Rc8 17. c4 dxc4 18. Rxc4 Nb8 19. Qc2 Qd7 20. g4 Nh4 21. Nxh4 Bxd3 22. Qxd3 Bxh4 23. Nd2 Rg8 24. h3 Ke7 25. Ne4 h5 26. Nd6 hxg4 27. Nxc8+ Qxc8 28. Kh2 gxh3 29. Qxh3 Rh8 30. Kg2 Qg8+ 31. Kf3 Qg6 32. Rc3 Qh5+ 33. Ke3 Qg6 34. Qf3 Rh5 35. Rcc1 Rf5 36. Rg1 Qh7 37. Rg4 Rh5 38. Qe4 Qxe4+ 39. Kxe4 Bf2 40. Rc2 Bh4 41. Rh2 f5+ 42. exf6+ Kxf6 43. Rhxh4 Rxh4 44. Rxh4 Nd7 45. Rh6+ Kg7 46. Rxe6 Nf6+ 47. Ke5 Kf7 48. Rxf6+ Ke7 49. Rxc6 b5 50. axb5 Kd7 51. Ra6 Kc8 52. Rxa5 Kb7 53. Ra6 Kc8 54. Kd5 Kb7 55. Kc5 Kc8 56. Kc6 Kd8 57. d5 Ke7 58. d6+ Kf7 59. d7 Kf6 60. d8=Q+ Kg6 61. Qd5 Kf6 62. Kc5+ Ke7 63. Qb7+ Kf8 64. Ra8# 1-0


[Site "https://www.chess.com"]

[Event "Titled Tuesday Blitz April 11 Early 2023"]
[White "Sankalan Shah"]
[Black "Lohani, Sujana"]
[WhiteFideId "25600362"]
[BlackFideId "12311987"]
[WhiteElo "2118"]
[BlackElo "1718"]
[Result "0-1"]
[Round "08"]
[TimeControl "180+2"]
[Date "2023.04.11"]
[WhiteClock "0:00:53"]
[BlackClock "0:00:11"]

1. d4 g6 2. c4 Bg7 3. Nc3 d6 4. e4 e5 5. Nf3 exd4 6. Nxd4 Nf6 7. Be2 O-O 8. O-O Re8 9. f3 Nbd7 10. Be3 Ne5 11. Qd2 Be6 12. b3 a6 13. Rac1 c5 14. Nc2 Qc7 15. Bf2 Rad8 16. Rcd1 Bf8 17. Ne3 Nc6 18. Qb2 Nd4 19. Rfe1 Qa5 20. Bf1 Nd7 21. Ned5 Bg7 22. Qc1 Bxd5 23. exd5 Nxf3+ 24. gxf3 Bxc3 25. Rxe8+ Rxe8 26. Qc2 Ne5 27. Bg2 Nd7 28. Rd3 Be5 29. Bh3 f5 30. Re3 Kf7 31. Qe2 Nf6 32. Be1 Qc7 33. Bh4 Bd4 0-1


[Site "https://www.chess.com"]

[Event "Titled Tuesday Blitz April 11 Early 2023"]
[White "Vargas, Mauricio"]
[Black "Dahlgren, James Allen"]
[WhiteFideId "4404572"]
[BlackFideId "22256873"]
[WhiteElo "1998"]
[BlackElo "2175"]
[Result "0-1"]
[Round "08"]
[TimeControl "180+2"]
[Date "2023.04.11"]
[WhiteClock "0:00:14"]
[BlackClock "0:01:31"]

1. e4 e6 2. f4 c5 3. e5 d5 4. Nf3 f5 5. exf6 Nxf6 6. Bb5+ Bd7 7. Bxd7+ Nbxd7 8. O-O Bd6 9. Qe1 Qe7 10. d3 O-O 11. Ng5 Rae8 12. Nc3 h6 13. Nf3 e5 14. f5 Qf7 15. Nb5 Bb8 16. Nh4 e4 17. Ng6 exd3 18. Qd1 dxc2 19. Qxc2 Ng4 20. Nxf8 Bxh2+ 21. Kh1 Qh5 22. Rf3 Re1+ 23. Rf1 Rxf1# 0-1


[Site "https://www.chess.com"]

[Event "Titled Tuesday Blitz April 11 Early 2023"]
[White "Zou, Brendan"]
[Black "Cupid, Kevin"]
[WhiteFideId "3221296"]
[BlackFideId "7700512"]
[WhiteElo "1852"]
[BlackElo "2124"]
[Result "0-1"]
[Round "08"]
[TimeControl "180+2"]
[Date "2023.04.11"]
[WhiteClock "0:00:04"]
[BlackClock "0:01:01"]

1. d4 Nf6 2. Nc3 d5 3. Bf4 Bf5 4. f3 Bg6 5. g4 e6 6. h4 h6 7. h5 Bh7 8. e3 a6 9. Bd3 Bxd3 10. Qxd3 c5 11. dxc5 Bxc5 12. O-O-O Nc6 13. a3 b5 14. Nge2 Qb6 15. Nd4 Rc8 16. Nxc6 Rxc6 17. Be5 Bxe3+ 18. Kb1 d4 19. Bxf6 gxf6 20. Ne4 Ke7 21. Rh2 Rd8 22. Re2 a5 23. Nd2 Qc5 24. Nb3 Qb6 25. Qe4 Rcd6 26. Qd3 a4 27. Nc1 b4 28. axb4 Qxb4 29. Qa3 Qxa3 30. bxa3 Rc8 31. Nd3 Rc3 32. Ka2 Rdc6 33. Nb4 R6c4 34. Rb1 Kd6 35. Na6 Rxc2+ 36. Rxc2 Rxc2+ 37. Rb2 d3 38. Rxc2 dxc2 0-1


[Site "https://www.chess.com"]

[Event "Titled Tuesday Blitz April 11 Early 2023"]
[White "Vifleemskaia, Svetlana"]
[Black "Quirke, Jeffrey"]
[WhiteFideId "4129490"]
[BlackFideId "2013029"]
[WhiteElo "1930"]
[BlackElo "2241"]
[Result "1-0"]
[Round "08"]
[TimeControl "180+2"]
[Date "2023.04.11"]
[WhiteClock "0:01:24"]
[BlackClock "0:00:02"]

1. d4 Nf6 2. c4 e6 3. Nc3 Bb4 4. e3 O-O 5. Ne2 d5 6. a3 Be7 7. cxd5 exd5 8. g3 c6 9. Bg2 Re8 10. O-O Nbd7 11. f3 c5 12. dxc5 Nxc5 13. Nd4 Bf8 14. b4 Ne6 15. Re1 g6 16. Bb2 Bg7 17. Rc1 Nxd4 18. Qxd4 Be6 19. Qd2 Rc8 20. Ne2 Qd7 21. Nd4 Red8 22. Rxc8 Rxc8 23. Rc1 Rc4 24. Nxe6 Qxe6 25. Rxc4 dxc4 26. Qd8+ Ne8 27. Bd4 Bxd4 28. Qxd4 b5 29. f4 Nd6 30. e4 Qe7 31. Kf2 Qc7 32. Qc5 Qxc5+ 33. bxc5 Nc8 34. e5 Kf8 35. Bb7 Ne7 36. Ba6 c3 37. Ke3 Nd5+ 38. Kd3 Nc7 39. Bb7 Ke7 40. Kxc3 f6 41. exf6+ Kxf6 42. Be4 h5 43. Kd3 g5 44. fxg5+ Kxg5 45. h3 h4 46. gxh4+ Kxh4 47. Bf5 Kg3 48. Kd4 a5 49. Ke5 b4 50. axb4 axb4 51. Kd6 Na6 52. c6 b3 53. Bd3 1-0


[Site "https://www.chess.com"]

[Event "Titled Tuesday Blitz April 11 Early 2023"]
[White "Hartikainen, Jarmo"]
[Black "Nery Junior, Jose Antonio"]
[WhiteFideId "503134"]
[BlackFideId "2104822"]
[WhiteElo "2046"]
[BlackElo "2197"]
[Result "1-0"]
[Round "08"]
[TimeControl "180+2"]
[Date "2023.04.11"]
[WhiteClock "0:00:22"]
[BlackClock "0:00:39"]

1. e4 c5 2. c3 Nf6 3. e5 Nd5 4. d4 cxd4 5. Nf3 e6 6. cxd4 d6 7. Nc3 Nc6 8. Bd3 Nxc3 9. bxc3 dxe5 10. dxe5 Qc7 11. Qe2 Be7 12. Bd2 b6 13. h4 Bb7 14. Rd1 h6 15. h5 Rc8 16. O-O Na5 17. Bb5+ Bc6 18. Nd4 O-O 19. Nxc6 Nxc6 20. Rfe1 Na5 21. Bd3 Qc6 22. Bb1 Rfd8 23. Bf4 Nc4 24. Qc2 Kf8 25. Qh7 Na3 26. Qh8# 1-0


[Site "https://www.chess.com"]

[Event "Titled Tuesday Blitz April 11 Early 2023"]
[White "Burdalev, Kirill"]
[Black "Sanchez, Robert"]
[WhiteFideId "14121913"]
[BlackFideId "2034360"]
[WhiteElo "2236"]
[BlackElo "1990"]
[Result "1-0"]
[Round "08"]
[TimeControl "180+2"]
[Date "2023.04.11"]
[WhiteClock "0:00:22"]
[BlackClock "0:00:09"]

1. d4 d5 2. c4 c6 3. Nf3 Nf6 4. g3 Bf5 5. Bg2 e6 6. Nc3 Nbd7 7. Qb3 Qb6 8. c5 Qa6 9. Bf1 b5 10. a4 bxa4 11. Rxa4 Qc8 12. Nh4 Bg4 13. h3 Bh5 14. g4 Bg6 15. Nxg6 hxg6 16. Bg2 e5 17. e3 Be7 18. g5 Nh7 19. Nxd5 cxd5 20. Qxd5 Rb8 21. Rxa7 Nxg5 22. c6 Nf6 23. Qxe5 Ne6 24. c7 O-O 25. cxb8=Q Qxb8 1-0


[Site "https://www.chess.com"]

[Event "Titled Tuesday Blitz April 11 Early 2023"]
[White "Korobov, Anton"]
[Black "Nakamura, Hikaru"]
[WhiteFideId "14105730"]
[BlackFideId "2016192"]
[WhiteElo "2638"]
[BlackElo "2885"]
[Result "1-0"]
[Round "09"]
[TimeControl "180+2"]
[Date "2023.04.11"]
[WhiteClock "0:00:21"]
[BlackClock "0:00:07"]

1. d4 Nf6 2. c4 e6 3. Nf3 Bb4+ 4. Bd2 c5 5. Bxb4 cxb4 6. Nbd2 d6 7. e3 O-O 8. Bd3 a5 9. O-O b6 10. Re1 Re8 11. Qc2 Bb7 12. e4 e5 13. Nf1 Na6 14. Rad1 Rc8 15. Qb1 Qc7 16. Ne3 exd4 17. Nxd4 g6 18. Nb5 Qc5 19. Nd5 Ng4 20. Rd2 b3 21. axb3 Bxd5 22. cxd5 Nb4 23. Bf1 Nf6 24. Nc3 Qc7 25. h3 h5 26. Kh2 h4 27. Qd1 Qe7 28. f4 Nh5 29. Qg4 Qf6 30. Bb5 Red8 31. e5 Qxf4+ 32. Qxf4 Nxf4 33. e6 f5 34. e7 Re8 35. Bd7 Rb8 36. Nb5 Nbxd5 37. Rxd5 Nxd5 38. Be6+ Kg7 39. Bxd5 Kf6 40. Re6+ Kg5 41. Nxd6 1-0


[Site "https://www.chess.com"]

[Event "Titled Tuesday Blitz April 11 Early 2023"]
[White "Bluebaum, Matthias"]
[Black "Gholami Orimi, Mahdi"]
[WhiteFideId "24651516"]
[BlackFideId "12558486"]
[WhiteElo "2638"]
[BlackElo "2363"]
[Result "1-0"]
[Round "09"]
[TimeControl "180+2"]
[Date "2023.04.11"]
[WhiteClock "0:00:06"]
[BlackClock "0:00:01"]

1. d4 Nf6 2. c4 e6 3. Nc3 Bb4 4. e3 c5 5. Ne2 b6 6. a3 Ba5 7. Rb1 Na6 8. Ng3 Bb7 9. f3 O-O 10. Bd3 d5 11. O-O Rc8 12. Nb5 Qd7 13. Nxa7 Ra8 14. Nb5 Rfd8 15. Qe2 Rac8 16. Rd1 Qe7 17. cxd5 exd5 18. Na7 Ra8 19. Bxa6 Bxa6 20. Qxa6 Rxa7 21. Qb5 c4 22. e4 dxe4 23. Qxc4 b5 24. Qxb5 exf3 25. gxf3 Rd5 26. Qe2 Qd8 27. Be3 Re7 28. Qd3 Bb6 29. Bf2 Qd7 30. Re1 Rxe1+ 31. Rxe1 Bxd4 32. Bxd4 Rxd4 33. Qf5 Qd8 34. Rc1 Rd7 35. Qc5 Ne8 36. b4 h6 37. b5 Rd2 38. Qe3 Rb2 39. Ne4 Nf6 40. Nxf6+ Qxf6 41. Rc8+ Kh7 42. Qd3+ g6 43. Qd8 Rb1+ 44. Kg2 Qb2+ 45. Kh3 Qg7 46. a4 Rb3 47. Qd5 Ra3 48. Rc7 Qg8 49. Rxf7+ Kh8 50. Qe5+ 1-0


[Site "https://www.chess.com"]

[Event "Titled Tuesday Blitz April 11 Early 2023"]
[White "Kravtsiv, Martyn"]
[Black "Sarana, Alexey"]
[WhiteFideId "14113147"]
[BlackFideId "24133795"]
[WhiteElo "2695"]
[BlackElo "2714"]
[Result "0-1"]
[Round "09"]
[TimeControl "180+2"]
[Date "2023.04.11"]
[WhiteClock "0:00:01"]
[BlackClock "0:00:46"]

1. e4 c5 2. Nf3 d6 3. Bb5+ Nd7 4. d4 cxd4 5. Qxd4 a6 6. Bxd7+ Bxd7 7. O-O e5 8. Qd3 h6 9. c4 b5 10. Na3 Qb6 11. Be3 Qb7 12. cxb5 axb5 13. Nc2 Nf6 14. Nd2 Be7 15. Nb4 O-O 16. f3 Rfc8 17. Rac1 Be6 18. Nb3 Bc4 19. Qd2 Bxf1 20. Rxf1 d5 21. Nxd5 Nxd5 22. exd5 Rd8 23. Rd1 Rxa2 24. Nc5 Qa8 25. Ne4 Ra1 26. Rxa1 Qxa1+ 27. Kf2 Qa8 28. d6 Bxd6 29. Qd3 Bc5 30. Qxb5 Bxe3+ 31. Kxe3 Qa7+ 32. Qc5 Qa1 33. Qxe5 Qg1+ 34. Kf4 Qxg2 35. Qe7 Qxh2+ 36. Ke3 Rb8 37. b4 Qg1+ 38. Ke2 Qd4 39. Nd6 Qf6 40. Qc7 Rxb4 41. Qc6 Rb2+ 42. Kd3 Qe6 43. Qa8+ Kh7 44. Ne4 Qb3+ 45. Kd4 Qb6+ 46. Ke5 Rb5+ 47. Kf4 Qc7+ 48. Ke3 Rb3+ 49. Kf2 Qh2+ 0-1


[Site "https://www.chess.com"]

[Event "Titled Tuesday Blitz April 11 Early 2023"]
[White "Svane, Frederik"]
[Black "Zhigalko, Sergei"]
[WhiteFideId "12923044"]
[BlackFideId "13502956"]
[WhiteElo "2502"]
[BlackElo "2626"]
[Result "1-0"]
[Round "09"]
[TimeControl "180+2"]
[Date "2023.04.11"]
[WhiteClock "0:01:07"]
[BlackClock "0:00:01"]

1. e4 c5 2. Nf3 Nc6 3. Bb5 Nf6 4. Bxc6 dxc6 5. d3 Bg4 6. h3 Bh5 7. Nc3 Qc7 8. Ne2 Bxf3 9. gxf3 e6 10. Be3 Nd7 11. f4 O-O-O 12. Qd2 c4 13. O-O-O Nc5 14. Bxc5 Bxc5 15. d4 Bd6 16. Qe3 Rd7 17. Rhg1 g6 18. h4 h5 19. Kb1 Re8 20. Rh1 b5 21. Qf3 Kb7 22. f5 exf5 23. exf5 Rde7 24. Nc3 a6 25. f6 Re6 26. a3 Bf4 27. d5 Rxf6 28. Ne4 Rf5 29. d6 Qd7 30. Rhe1 Bd2 31. Nc5+ Rxc5 32. Rxe8 Qxe8 33. Rxd2 Qd7 34. Qe4 Rf5 35. f4 Rf6 36. Qd4 Re6 37. Ka2 Re1 38. a4 bxa4 39. Qxc4 Re6 40. Qb4+ Kc8 41. Rd3 Rf6 42. Qd4 Re6 43. Ka3 1-0


[Site "https://www.chess.com"]

[Event "Titled Tuesday Blitz April 11 Early 2023"]
[White "Lazavik, Denis"]
[Black "Anton Guijarro, David"]
[WhiteFideId "13515110"]
[BlackFideId "2285525"]
[WhiteElo "2560"]
[BlackElo "2618"]
[Result "0-1"]
[Round "09"]
[TimeControl "180+2"]
[Date "2023.04.11"]
[WhiteClock "0:00:05"]
[BlackClock "0:00:06"]

1. d4 Nf6 2. c4 e6 3. Nf3 d5 4. g3 Bb4+ 5. Bd2 Be7 6. Bg2 O-O 7. O-O Nbd7 8. Qc2 c6 9. Bf4 a5 10. Rd1 a4 11. Nc3 dxc4 12. Nxa4 b5 13. Nc3 Bb7 14. e4 h6 15. a3 Qb6 16. h4 Rfd8 17. Qe2 Bf8 18. Rd2 c5 19. Rad1 cxd4 20. Rxd4 Bc5 21. R4d2 Bc6 22. Bd6 Ng4 23. Bxc5 Nxc5 24. Ne1 Ne5 25. Qe3 Rxd2 26. Rxd2 Qa7 27. Nc2 Ned3 28. Nd4 Bd7 29. Ndxb5 Qb6 30. e5 Rb8 31. Nd6 Nxb2 32. Rd4 Ncd3 33. Nxf7 Kxf7 34. Rxd7+ Ke8 35. Qxb6 Rxb6 36. Rxg7 Rb3 37. Ne4 Nxe5 38. Bh3 Rb6 39. Rc7 Kd8 40. Rc5 Nbd3 41. Ra5 Rb1+ 42. Kg2 Ne1+ 43. Kf1 N1f3+ 44. Ke2 Re1# 0-1


[Site "https://www.chess.com"]

[Event "Titled Tuesday Blitz April 11 Early 2023"]
[White "Bortnyk, Olexandr"]
[Black "Kuzubov, Yuriy"]
[WhiteFideId "14120828"]
[BlackFideId "14112906"]
[WhiteElo "2734"]
[BlackElo "2496"]
[Result "1-0"]
[Round "09"]
[TimeControl "180+2"]
[Date "2023.04.11"]
[WhiteClock "0:00:06"]
[BlackClock "0:00:06"]

1. d4 Nf6 2. Nc3 d5 3. Bf4 a6 4. e3 e6 5. a3 Bd6 6. Nf3 c5 7. dxc5 Bxc5 8. Bd3 Nc6 9. O-O Bd6 10. Bxd6 Qxd6 11. e4 d4 12. Ne2 e5 13. h3 O-O 14. Ng3 Be6 15. Qd2 Kh8 16. Nh4 g6 17. f4 exf4 18. Rxf4 Nd7 19. Nf3 Nce5 20. Rf1 f6 21. Ne2 Nxf3+ 22. R4xf3 Bg8 23. Qh6 Ne5 24. Rg3 Qd7 25. Qh4 g5 26. Qh6 Qe7 27. h4 g4 28. Nxd4 Qc5 29. Qe3 Rad8 30. Nf5 Qxe3+ 31. Rxe3 Be6 32. Ng3 Rd6 33. Nh5 Bd7 34. Kf2 Ng6 35. Kg3 Ne5 36. Nf4 Bc6 37. Nh5 Be8 38. Nf4 Bf7 39. Be2 Rc8 40. Rd1 Rb6 41. b4 Rxc2 42. Bxg4 Rbc6 43. Bh5 R6c3 44. Rxc3 Rxc3+ 45. Kf2 Bxh5 46. Nxh5 Ng4+ 47. Ke2 Kg8 48. Rd8+ Kf7 49. Rd7+ Ke6 50. Rxh7 Rxa3 51. Rg7 Re3+ 52. Kd2 Rxe4 53. Rxb7 Ne5 54. Ng7+ Kd5 55. Nf5 Rf4 56. Ne7+ Ke4 57. h5 Rf2+ 58. Kc3 Rxg2 59. Rb6 Rg3+ 60. Kc2 Rg2+ 61. Kb3 Rg3+ 62. Ka4 Rh3 63. Rxf6 Rxh5 64. Rxa6 Nd3 65. Rd6 Rh7 66. Nc6 Nxb4 67. Kxb4 Kf3 68. Kc4 Rc7 69. Kd5 Ke2 70. Nd4+ Kd2 71. Rh6 Rc8 72. Rh2+ Kd1 73. Ke4 Rc3 74. Rg2 Ra3 75. Rh2 Rc3 76. Nf3 Ra3 77. Rh1+ Ke2 78. Nd4+ Kd2 79. Nf5 Ra4+ 80. Ke5 Ra5+ 81. Kf4 Ra4+ 82. Kf3 Ra3+ 83. Kf2 Ra5 84. Ne3 Kd3 85. Rd1+ Ke4 86. Nf1 Ra2+ 87. Ke1 Kf3 88. Nd2+ Ke3 89. Nc4+ Kf3 90. Rd3+ Ke4 91. Rh3 Rc2 92. Nd2+ Kf4 93. Ke2 Ra2 94. Rh4+ Ke5 95. Rb4 Ra3 96. Nc4+ 1-0


[Site "https://www.chess.com"]

[Event "Titled Tuesday Blitz April 11 Early 2023"]
[White "Narayanan, Srinath"]
[Black "Hakobyan, Aram"]
[WhiteFideId "5018420"]
[BlackFideId "13306677"]
[WhiteElo "2438"]
[BlackElo "2584"]
[Result "1-0"]
[Round "09"]
[TimeControl "180+2"]
[Date "2023.04.11"]
[WhiteClock "0:00:21"]
[BlackClock "0:00:02"]

1. Nf3 g6 2. d4 Bg7 3. c4 Nf6 4. g3 d6 5. Bg2 O-O 6. Nc3 Bf5 7. Nh4 Bc8 8. O-O a5 9. e4 Nc6 10. Nf3 Bg4 11. Be3 Nd7 12. Qd2 Bxf3 13. Bxf3 e5 14. dxe5 dxe5 15. Nb5 Nd4 16. Bg2 Nc5 17. Rfd1 Nce6 18. Bh6 c6 19. Nc3 Qf6 20. Bxg7 Kxg7 21. Rac1 Rfd8 22. Qe3 a4 23. h4 h5 24. Rd2 Rd6 25. Rcd1 a3 26. bxa3 Qd8 27. f4 Rxa3 28. f5 Rxc3 29. Qxc3 Ne2+ 30. Kh2 Nxc3 31. Rxd6 Qf8 32. R1d3 Nd4 33. Rd7 Qc8 34. Bh3 Qe8 35. Rxc3 Kh6 36. fxg6 fxg6 37. Rxb7 Qf8 38. Rb2 Qf6 39. Bg2 Qe7 40. a4 Qc5 41. Ra2 Qa5 42. Rc1 g5 43. hxg5+ Kxg5 44. c5 h4 45. gxh4+ Kxh4 46. Ra3 Qd2 47. Rf1 1-0


[Site "https://www.chess.com"]

[Event "Titled Tuesday Blitz April 11 Early 2023"]
[White "Duda, Jan-Krzysztof"]
[Black "Ibarra Jerez, Jose Carlos"]
[WhiteFideId "1170546"]
[BlackFideId "2226332"]
[WhiteElo "2790"]
[BlackElo "2638"]
[Result "1-0"]
[Round "09"]
[TimeControl "180+2"]
[Date "2023.04.11"]
[WhiteClock "0:01:11"]
[BlackClock "0:00:03"]

1. d4 Nf6 2. c4 d6 3. Nf3 g6 4. Nc3 Bf5 5. Nh4 Bd7 6. e4 e5 7. Nf3 exd4 8. Nxd4 Bg7 9. Be2 O-O 10. O-O Re8 11. f3 Nc6 12. Be3 Nh5 13. Nd5 f5 14. Qd2 Nxd4 15. Bxd4 Bxd4+ 16. Qxd4 c6 17. Nc3 Nf4 18. Rf2 Qg5 19. Kh1 Rad8 20. Bf1 b6 21. exf5 Bxf5 22. Qd2 Ne6 23. g4 Rf8 24. Qxg5 Nxg5 25. gxf5 Rxf5 26. Bg2 Ne6 27. Bh3 Re5 28. f4 Re3 29. Bxe6+ Rxe6 30. f5 gxf5 31. Rg1+ Kf7 32. Rxf5+ Rf6 33. Rh5 h6 34. b3 Re8 35. Rh3 Re5 36. Rhg3 Ke6 37. Rg6 d5 38. cxd5+ cxd5 39. Nb5 Rxg6 40. Rxg6+ Kf5 41. Rxh6 Re2 42. Nd4+ 1-0


[Site "https://www.chess.com"]

[Event "Titled Tuesday Blitz April 11 Early 2023"]
[White "Andreikin, Dmitry"]
[Black "Mitrabha, Guha"]
[WhiteFideId "4158814"]
[BlackFideId "5057000"]
[WhiteElo "2736"]
[BlackElo "2507"]
[Result "1-0"]
[Round "09"]
[TimeControl "180+2"]
[Date "2023.04.11"]
[WhiteClock "0:00:11"]
[BlackClock "0:00:05"]

1. Nf3 Nf6 2. c4 c5 3. Nc3 Nc6 4. g3 g6 5. Bg2 Bg7 6. O-O O-O 7. d3 d6 8. Bd2 a6 9. a3 Rb8 10. Ne1 Bd7 11. Nc2 b5 12. cxb5 axb5 13. b4 cxb4 14. Nxb4 Nxb4 15. axb4 h5 16. Ra7 h4 17. Qb3 Be6 18. Qa3 Ng4 19. Nd5 Bxd5 20. Bxd5 Bd4 21. Ra6 Kg7 22. e3 Bb6 23. Bc3+ Nf6 24. Bxf6+ exf6 25. Rc1 Qe7 26. d4 f5 27. Qd3 hxg3 28. hxg3 Qg5 29. Bf3 f4 30. exf4 Qf6 31. Rd1 Rfe8 32. Kg2 Rh8 33. Qe4 Rhc8 34. Qd3 Rc4 35. Bd5 Rxd4 36. Qf3 Rxb4 37. Ra2 Bc5 38. Re2 Rd4 39. Rde1 b4 40. Re7 Rf8 41. R1e2 Rd1 42. Rb7 Qd4 43. Bxf7 Rxf7 44. Rxf7+ Kxf7 45. Qb7+ Kf8 46. Qe7+ Kg8 47. Qe8+ Kh7 48. Re7+ Kh6 49. Qf8+ Kh5 50. Rh7+ Kg4 51. Qc8# 1-0


[Site "https://www.chess.com"]

[Event "Titled Tuesday Blitz April 11 Early 2023"]
[White "Drygalov, Andrey"]
[Black "Le, Tuan Minh"]
[WhiteFideId "24171735"]
[BlackFideId "12401153"]
[WhiteElo "2466"]
[BlackElo "2566"]
[Result "1-0"]
[Round "09"]
[TimeControl "180+2"]
[Date "2023.04.11"]
[WhiteClock "0:00:04"]
[BlackClock "0:00:02"]

1. e4 c5 2. Nf3 Nf6 3. e5 Nd5 4. Nc3 Nxc3 5. dxc3 Nc6 6. Bf4 e6 7. Qd2 h6 8. h4 Qc7 9. O-O-O b6 10. Kb1 Bb7 11. Bd3 O-O-O 12. Be4 Be7 13. h5 Kb8 14. Rh3 Ka8 15. Rg3 Bf8 16. c4 Ne7 17. Bxb7+ Qxb7 18. Nh4 Nc8 19. Rd3 Be7 20. Nf3 Kb8 21. b3 Qe4 22. Qe3 Qxe3 23. Rxe3 g6 24. Nd2 gxh5 25. Ne4 Kc7 26. Rh1 h4 27. Nf6 Kc6 28. Rxh4 d5 29. cxd5+ exd5 30. Rxh6 Rxh6 31. Bxh6 Bxf6 32. exf6 Rh8 33. Rh3 Kd7 34. g4 Nd6 35. f3 Ke6 36. Rh5 Ne8 37. g5 Kf5 38. Rh1 Kg6 39. Re1 Nxf6 40. Re7 d4 41. Rxa7 Nd5 42. Rd7 Nc3+ 43. Kb2 Re8 44. Rd6+ Kh5 45. Rxb6 Re1 46. Rf6 Rb1+ 47. Ka3 Ra1 48. Kb2 Rxa2+ 49. Kc1 Ra1+ 50. Kb2 Rb1+ 51. Ka3 Ra1+ 52. Kb2 Ra2+ 53. Kc1 Nd5 54. Rf5 Ne3 55. Rxc5 Kh4 56. Bg7 Ra1+ 57. Kb2 Rd1 58. Bf6 Kg3 59. b4 Kxf3 60. b5 Rd2 61. b6 Rd3 62. cxd3 1-0


[Site "https://www.chess.com"]

[Event "Titled Tuesday Blitz April 11 Early 2023"]
[White "Vachier-Lagrave, Maxime"]
[Black "Pranesh M"]
[WhiteFideId "623539"]
[BlackFideId "35028600"]
[WhiteElo "2740"]
[BlackElo "2437"]
[Result "0-1"]
[Round "09"]
[TimeControl "180+2"]
[Date "2023.04.11"]
[WhiteClock "0:01:13"]
[BlackClock "0:01:01"]

1. d4 d5 2. c4 c6 3. Nc3 e6 4. e3 Nf6 5. Qc2 Nbd7 6. Bd2 Bd6 7. Nf3 O-O 8. O-O-O a6 9. Kb1 b5 10. c5 Bc7 11. Bd3 e5 12. Nxe5 Bxe5 13. dxe5 Nxe5 14. Ne2 Nxd3 15. Qxd3 Ne4 16. Be1 Bf5 17. Ka1 Ng3 18. hxg3 Bxd3 19. Rxd3 a5 20. Nd4 Qe8 21. Rc3 b4 22. Rc1 Qe4 23. Rh2 Rfc8 24. Bd2 Qd3 25. Be1 Rab8 26. g4 a4 27. Rh3 h6 28. Rh1 a3 29. b3 Re8 30. Nf3 d4 31. Nxd4 Red8 32. Nf3 Qe2 33. Rb1 Rd1 34. Bd2 Rxd2 35. Nxd2 Qxd2 0-1


[Site "https://www.chess.com"]

[Event "Titled Tuesday Blitz April 11 Early 2023"]
[White "Kamsky, Gata"]
[Black "Vidit, Santosh Gujrathi"]
[WhiteFideId "2000024"]
[BlackFideId "5029465"]
[WhiteElo "2660"]
[BlackElo "2651"]
[Result "1/2-1/2"]
[Round "09"]
[TimeControl "180+2"]
[Date "2023.04.11"]
[WhiteClock "0:00:20"]
[BlackClock "0:00:17"]

1. d4 Nf6 2. Bf4 g6 3. c3 Bg7 4. Nf3 d6 5. h3 O-O 6. Nbd2 c5 7. dxc5 dxc5 8. e4 Nc6 9. Be2 Be6 10. O-O h6 11. Re1 a6 12. a4 Na5 13. Ne5 Rc8 14. Ndc4 Qxd1 15. Raxd1 Nxc4 16. Bxc4 Bxc4 17. Nxc4 b5 18. Nb6 Rc6 19. a5 g5 20. Bh2 Re8 21. e5 Nh5 22. g4 Nf4 23. Bxf4 gxf4 24. Kg2 Re6 25. Nd7 Rc8 26. Rd5 c4 27. Kf3 f6 28. Nb6 Rcc6 29. Kxf4 fxe5+ 30. Kf3 Rcd6 31. Red1 e4+ 32. Ke3 Be5 33. Nd7 Rxd5 34. Rxd5 Bd6 35. Nc5 Bxc5+ 36. Rxc5 Kf7 37. Rf5+ Ke8 38. Rf4 Rd6 39. Ke2 Rd3 40. h4 Rh3 41. h5 b4 42. Kd2 bxc3+ 43. bxc3 Rd3+ 44. Kc2 e3 45. fxe3 Rxe3 46. Rxc4 Kd7 47. Rd4+ Kc6 48. Rd8 Rg3 49. Rh8 Rxg4 50. Rxh6+ Kb5 51. Rg6 Rh4 52. Rg5+ Kc4 53. Re5 Rh2+ 54. Kd1 Kxc3 55. Rxe7 Rxh5 56. Rc7+ Kb2 57. Rb7+ Kc3 58. Rc7+ Kb4 59. Rb7+ Kxa5 60. Kc2 Ka4 61. Re7 Rh2+ 62. Kb1 a5 63. Re3 Kb4 64. Re4+ Kb3 65. Re3+ Kc4 66. Re4+ Kd3 67. Ra4 Rh5 68. Kb2 Rb5+ 69. Ka2 Kc3 70. Re4 Rd5 71. Rg4 Rd1 72. Rg3+ Kb4 73. Rg4+ Kc5 74. Rg5+ Kb4 75. Rg4+ Kc5 76. Rg5+ Kb4 77. Rg4+ 1/2-1/2


[Site "https://www.chess.com"]

[Event "Titled Tuesday Blitz April 11 Early 2023"]
[White "Durarbayli, Vasif"]
[Black "Sadhwani, Raunak"]
[WhiteFideId "13402935"]
[BlackFideId "35093487"]
[WhiteElo "2551"]
[BlackElo "2631"]
[Result "1-0"]
[Round "09"]
[TimeControl "180+2"]
[Date "2023.04.11"]
[WhiteClock "0:00:03"]
[BlackClock "0:00:04"]

1. e4 g6 2. d4 Bg7 3. Nc3 d6 4. Be3 c6 5. g4 b5 6. a3 h5 7. g5 h4 8. Qd2 Nd7 9. f4 Nb6 10. Nf3 Bg4 11. Qf2 a5 12. Bd3 b4 13. Ne2 Na4 14. Bc1 e6 15. b3 Nc3 16. Nxc3 Bxf3 17. Qxf3 Bxd4 18. Bd2 bxc3 19. Be3 Qb6 20. Bxd4 Qxd4 21. f5 Ne7 22. f6 Nc8 23. Qf4 Nb6 24. Rd1 Qc5 25. Be2 Rd8 26. a4 h3 27. Rd3 d5 28. Rf1 Kf8 29. Rff3 e5 30. Qxe5 Qg1+ 31. Rf1 Qc5 32. Rxc3 Qb4 33. Qe7+ Qxe7 34. fxe7+ Kxe7 35. Rxc6 Nd7 36. exd5 Ne5 37. Rcf6 Rxd5 38. Ra6 Rc5 39. Ra7+ Kd8 40. Ra8+ Rc8 41. Rxa5 Re8 42. Rd5+ Kc7 43. Kd2 Rcd8 44. Rxd8 Rxd8+ 45. Kc3 Re8 46. Bc4 Rh8 47. Bxf7 Rh5 48. Be6 Rxg5 49. Re1 Nf3 50. Re3 Nxh2 51. Bxh3 Kd6 52. Rd3+ Ke5 53. Kb2 Kf4 54. Rc3 Nf3 55. b4 Rh5 56. Bg2 Ne1 57. Bc6 Re5 58. b5 g5 59. b6 1-0


[Site "https://www.chess.com"]